[Event "*** Titled Tuesday Blitz"]
[Site "Chess.com"]
[Date "2021.03.30"]
[Round "7"]
[White "woodhy"]
[Black "kflorian98"]
[Result "0-1"]
[WhiteElo "2446"]
[BlackElo "2675"]
[TimeControl "180+1"]
[EndTime "11:18:16 PDT"]
[Termination "kflorian98 won on time"]

1. e4 c6 2. d4 d5 3. Nc3 dxe4 4. Nxe4 Nf6 5. Ng3 h5 6. h4 c5 7. Be3 cxd4 8. Bxd4 Nc6 9. Bc3 Bg4 10. Be2 Bxe2 11. N1xe2 Qc7 12. Qd3 Rd8 13. Qf3 Ng4 14. O-O e6 15. Nf4 Nd4 16. Bxd4 Rxd4 17. Nfxh5 Rxh5 18. c3 Rf4 19. Qe2 Rxh4 20. Rad1 Bc5 21. Qb5+ Qc6 22. Qa5 b6 23. Qxa7 Qc8 24. b4 Bxf2+ 25. Rxf2 Rxf2 26. Qa4+ Kf8 27. b5 Rh2 28. Qb4+ Kg8 29. Qxg4 Rfxg2+ 30. Kf1 Rf2+ 31. Kg1 Qc5 0-1

[Event "*** Titled Tuesday Blitz"]
[Site "Chess.com"]
[Date "2021.03.30"]
[Round "7"]
[White "JiiHart"]
[Black "kidagent"]
[Result "0-1"]
[WhiteElo "2056"]
[BlackElo "2320"]
[TimeControl "180+1"]
[EndTime "11:18:16 PDT"]
[Termination "kidagent won by resignation"]

1. e4 c5 2. Nf3 d6 3. d4 cxd4 4. Nxd4 Nf6 5. Nc3 a6 6. Bg5 e6 7. f4 b5 8. a3 Be7 9. Qe2 Bb7 10.
O-O-O Nbd7 11. g4 Rc8 12. Bg2 Qa5 13. Nb3 Qb6 14. Bh4 Rxc3 15. bxc3 d5 16. Bf2 Qc7 17. exd5 Nxd5 18. Bxd5 Bxd5 19. Rxd5 exd5 20. Re1 Qxf4+ 21. Be3 Qe4 22. Nc5 Bxc5 23. Bxc5 Nxc5 24. Qf2 O-O 25. Rxe4 Nxe4 26. Qd4 Rd8 27. Kb2 Nd6 28. Qb6 Nc4+ 29. Kb3 Nxb6 30. Kb4 Nc4 31. Kc5 Nxa3 32. Kd4 Nxc2+ 33.
Kd3 Na3 34. Kd4 Nc4 35. Kd3 a5 36. Kd4 a4 37. Kd3 a3 38. Kc2 a2 39. Kb3 a1=Q 0-1

[Event "*** Titled Tuesday Blitz"]
[Site "Chess.com"]
[Date "2021.03.30"]
[Round "7"]
[White "M1711"]
[Black "xImpervious"]
[Result "0-1"]
[WhiteElo "2527"]
[BlackElo "2147"]
[TimeControl "180+1"]
[EndTime "11:18:16 PDT"]
[Termination "xImpervious won on time"]

1. d4 Nf6 2. Nf3 e6 3. Bg5 Be7 4. c4 b6 5. Nc3 Bb7 6. e3 O-O 7. Be2 c5 8. O-O d5 9. cxd5 exd5 10. Rc1 Nbd7 11. dxc5 bxc5 12. Qc2 h6 13. Bh4 Rc8 14.
Rfd1 Re8 15. Qf5 g6 16. Qh3 g5 17. Nxg5 hxg5 18. Bxg5 Nf8 19. Bb5 N8h7 20. Bh6 Bf8 21. Bxe8 Qxe8 22. Ne2 d4 23. Bxf8 Kxf8 24. Ng3 dxe3 25. Qh6+ Kg8 26. fxe3 Ng4 27. Qf4 Qxe3+ 28. Qxe3 Nxe3 29. Rd7 Bc6 30. Rxa7 c4 31. h4 Bd5 32. Re7 Nxg2 33. Nf5 Nf4 34. Kf2 Kf8 35. Rg1 Nh3+ 36.
Kg3 Nxg1 37. Rd7 Be6 0-1

[Event "*** Titled Tuesday Blitz"]
[Site "Chess.com"]
[Date "2021.03.30"]
[Round "7"]
[White "CheckThis4"]
[Black "Olga_Zhuravleva"]
[Result "1-0"]
[WhiteElo "2625"]
[BlackElo "2336"]
[TimeControl "180+1"]
[EndTime "11:18:17 PDT"]
[Termination "CheckThis4 won by resignation"]

1. d4 g6 2. e4 Bg7 3. Nc3 d6 4.
Be3 Nd7 5. Nf3 e5 6. Qd2 Ne7 7. Bh6 O-O 8. O-O-O Nc6 9. d5 Ne7 10. h4 Nf6 11. Bxg7 Kxg7 12. h5 Nxh5 13. g3 Bg4 14. Be2 Qd7 15. Rh4 h6 16. Nxe5 dxe5 17. Bxg4 f5 18.
Bxh5 gxh5 19. Rxh5 Rf6 20. exf5 Nxf5 21. Ne4 Rg6 22. Nc5 Qf7 23. Ne6+ Rxe6 24. dxe6 Qxh5 25. Qd7+ Kf6 26. g4 Qg5+ 27. Kb1 Qxg4 28. Qf7+ Kg5 29. Re1 Qh5 30. Qxc7 Re8 31. Qxe5 Qf3 32. a3 h5 33. Rg1+ Kh4 34. Qf6+ Kh3 35. Qg6 Qxf2 36. Rh1+ Qh2 37. Rxh2+ Kxh2 38. Qxe8 h4 39. Qf7 h3 40. Qxf5 1-0

[Event "*** Titled Tuesday Blitz"]
[Site "Chess.com"]
[Date "2021.03.30"]
[Round "7"]
[White "andy_rekt"]
[Black "FGHSMN"]
[Result "0-1"]
[WhiteElo "2296"]
[BlackElo "2641"]
[TimeControl "180+1"]
[EndTime "11:18:18 PDT"]
[Termination "FGHSMN won by checkmate"]

1. d4 Nf6 2. c4 e6 3. Nc3 d5 4. Nf3 c6 5. g3 dxc4 6. Bg2 b5 7. O-O Bb7 8. e4 b4 9. e5 Nd5 10. Ne4 Nd7 11. Nfg5 Be7 12. Qh5 g6 13. Qh3 Nf8 14. Bd2 Qc7 15. Rac1 h6 16. Rxc4 Ba6 17.
Rfc1 Bxc4 18. Rxc4 Qd7 19. Nc5 Bxc5 20. Rxc5 Qe7 21.
Ne4 Nd7 22. Nd6+ Kf8 23. Rxc6 Kg7 24. Bxd5 exd5 25. Rc7 Rad8 26. Bxb4 Kh7 27. a3 a5 28.
Bxa5 f5 29. Bb4 Qe6 30. Qf1 Rhg8 31. Qb5 Rg7 32. a4 f4 33. gxf4 Rf8 34. Qd3 Rxf4 35. Bd2 Qg4+ 36. Qg3 Qd1+ 37. Kg2 Rg4 38. Be3 Rxg3+ 39.
hxg3 Nxe5 40. Rxg7+ Kxg7 41. dxe5 d4 42. Bf4 d3 43. Nc4 Qxa4 44. Nd2 Qc6+ 45. Kf1 Qh1# 0-1

[Event "*** Titled Tuesday Blitz"]
[Site "Chess.com"]
[Date "2021.03.30"]
[Round "7"]
[White "Gudmundur_Kjartansson"]
[Black "Nayemhaque22"]
[Result "0-1"]
[WhiteElo "2531"]
[BlackElo "2393"]
[TimeControl "180+1"]
[EndTime "11:18:19 PDT"]
[Termination "Nayemhaque22 won on time"]

1. d4 d5 2. c4 c6 3. Nc3 Nf6 4.
Nf3 e6 5. Bg5 Nbd7 6. cxd5 exd5 7. e3 h6 8. Bh4 g5 9. Bg3 Nh5 10. Bd3 Nxg3 11. hxg3 Bg7 12. b4 Qe7 13. Rb1 g4 14. Nh4 Bxd4 15. Ne2 Bb6 16. Nf5 Qf6 17.
Nf4 Ne5 18. Nh5 Qg5 19. Nhg7+ Kf8 20. Bc2 Bxf5 21. Nxf5 Re8 22. Kf1 Nc4 23. a4 Qf6 24. a5 Bxe3 25. Kg1 Bxf2+ 26. Kxf2 Ne3 27. Qd3 Nxc2 28.
Qxc2 Re5 29. Rh5 Qg6 30. Rbh1 f6 31. Ne3 Qxc2+ 32. Nxc2 Kg7 33. Nd4 Kg6 34. R5h4 Re4 35. Ne2 d4 36. Nf4+ Kg7 37. Rxg4+ Kf7 38. Rgh4 b6 39.
axb6 axb6 40. Ra1 Rhe8 41. Ra7+ R8e7 42. Rxe7+ Rxe7 43. Rxh6 c5 44. Rh7+ Ke8 45. Rxe7+ Kxe7 46. bxc5 bxc5 47. Ke2 c4 48. Nd5+ Ke6 49. Nb6 c3 50. Kd3 Kf5 51. Nd5 Kg4 0-1

[Event "*** Titled Tuesday Blitz"]
[Site "Chess.com"]
[Date "2021.03.30"]
[Round "7"]
[White "The_filthy"]
[Black "Djager97"]
[Result "1-0"]
[WhiteElo "2347"]
[BlackElo "2488"]
[TimeControl "180+1"]
[EndTime "11:18:19 PDT"]
[Termination "The_filthy won by checkmate"]

1. e4 e5 2. Nf3 Nc6 3. Bb5 a6 4. Ba4 Nf6 5. d3 b5 6. Bb3 Bc5 7. O-O d6 8. c3 O-O 9. h3 Bb6 10. Qe2 Ne7 11. Rd1 Ng6 12. Nbd2 Nf4 13. Qf1 Be6 14. Nb1 Bxb3 15. axb3 Ne6 16. Be3 Bxe3 17.
fxe3 Re8 18. Na3 c5 19. Nc2 Qc7 20. Nh4 d5 21. exd5 Nxd5 22. c4 Nf6 23. Nf5 g6 24.
Nd6 Qxd6 25. Qxf6 Rad8 26. Rf1 Rf8 27. Rad1 Nc7 28. Qh4 Ne6 29. Rf6 Qe7 30. Rxg6+ hxg6 31. Qxe7 Rfe8 32. Qb7 e4 33. d4 cxd4 34. Nxd4 Nc5 35. Qb6 Nxb3 36. cxb5 a5 37. Rf1 Nd2 38. Re1 Nc4 39.
Qc7 Nxb2 40. b6 a4 41. Nc6 Rd2 42. b7 a3 43. b8=Q Rxb8 44. Qxb8+ Kh7 45. Ne7 a2 46.
Qg8+ Kh6 47. h4 Kh5 48. Qxf7 Rd1 49. Qxg6+ Kxh4 50. Nf5# 1-0

[Event "*** Titled Tuesday Blitz"]
[Site "Chess.com"]
[Date "2021.03.30"]
[Round "7"]
[White "VladaSviridova"]
[Black "kekic76"]
[Result "0-1"]
[WhiteElo "2241"]
[BlackElo "2377"]
[TimeControl "180+1"]
[EndTime "11:18:19 PDT"]
[Termination "kekic76 won by resignation"]

1. d4 d6 2. Nf3 Nc6 3. c4 e5 4. d5 Nce7 5. e4 f5 6. exf5 Bxf5 7. g3 Nf6 8. Bg2 g6 9. Nc3 Bg7 10. O-O O-O 11. h3 Ne4 12. Nxe4 Bxe4 13. Ng5 Bf5 14. g4 Bd7 15. Be3 h6 16. Ne4 b6 17. Qd2 Kh7 18.
Ng3 a5 19. Be4 Qe8 20. Qd3 Kg8 21. Qd2 Kh7 22. f3 Qf7 23. Kg2 Rh8 24. h4 Raf8 25. Qd3 Kg8 26. b3 h5 27. gxh5 gxh5 28. Bg5 Bh6 29.
f4 exf4 30. Rxf4 Qxf4 31. Bxf4 Bxf4 32. Rf1 Rh6 33. Rf2 Rff6 34. a3 Bg4 35. Ne2 Be5 36. Rxf6 Rxf6 37. Ng3 Kg7 38. b4 axb4 39. axb4 Ng6 40.
Bxg6 Rxg6 41. Kf2 Rf6+ 42. Kg1 Rf4 43. Ne4 Bf5 44. Qe3 Bxe4 45. c5 bxc5 46. bxc5 Bxd5 47.
cxd6 Bd4 48. Qxd4+ Rxd4 49. dxc7 Bb7 0-1

[Event "*** Titled Tuesday Blitz"]
[Site "Chess.com"]
[Date "2021.03.30"]
[Round "7"]
[White "LamaChampetre"]
[Black "tteshan"]
[Result "0-1"]
[WhiteElo "2209"]
[BlackElo "2323"]
[TimeControl "180+1"]
[EndTime "11:18:19 PDT"]
[Termination "tteshan won by checkmate"]

1. d4 Nf6 2. c4 e6 3. Nf3 d5 4. g3 Be7 5. Bg2 O-O 6. O-O c6 7.
Nbd2 Ne4 8. Qc2 f5 9. Ne5 Nd7 10. b3 Nxe5 11. dxe5 b5 12. Nxe4 fxe4 13. Bb2 Qb6 14.
Rad1 Ba6 15. e3 bxc4 16. bxc4 Bxc4 17. Rfe1 Rab8 18. Bc3 Bd3 19. Rxd3 exd3 20. Qxd3 Qb5 21. Qd1 Bb4 22. Bxb4 Qxb4 23. Bh3 Rfe8 24. Rf1 Qe4 25. Qc1 Rb6 26. Qa3 Qxe5 27. Qxa7 Qb8 28. Qd7 c5 29. f4 Rd6 30. Qa4 Kh8 31. f5 e5 32. g4 d4 33. g5 dxe3 34. f6 gxf6 35. gxf6 Rf8 36.
f7 Rg6+ 37. Kh1 Qb7+ 38. Bg2 Qxg2# 0-1

[Event "*** Titled Tuesday Blitz"]
[Site "Chess.com"]
[Date "2021.03.30"]
[Round "7"]
[White "Rodalquilar"]
[Black "Kozok"]
[Result "1-0"]
[WhiteElo "2659"]
[BlackElo "2502"]
[TimeControl "180+1"]
[EndTime "11:18:22 PDT"]
[Termination "Rodalquilar won by resignation"]

1. d4 d5 2. Bf4 Nf6 3. e3 c5 4. Nf3 Qb6 5. Nc3 Bd7 6. dxc5 Qxc5 7. Bd3 Nc6 8. O-O Bg4 9. Be2 e6 10. Nb5 O-O-O 11. Nfd4 e5 12. Bxg4+ Kb8 13. Nxc6+ bxc6 14. Bxe5+ Kb7 15. Nd4 Ne4 16. Bf3 f6 17. Bg3 Qe7 18. Bxe4 Qxe4 19. Qf3 Qe8 20. c4 h5 21. cxd5 Rxd5 22.
Rfc1 Bc5 23. h4 g5 24. b4 g4 25.
Qxf6 Rf8 26. Qxc6+ Qxc6 27. Nxc6 Kxc6 28. bxc5 Rfd8 29. Bd6 Rd2 30. Rd1 Rc2 31. Rac1 Rxa2 32. Ra1 Rb2 33. Rxa7 Re8 34. Ra6+ Kb7 35. Raa1 Rb6 36.
cxb6 Rc8 37. Bc7 Re8 38. Ra7+ Kc6 39. Rc1+ Kb5 40. b7 1-0

[Event "*** Titled Tuesday Blitz"]
[Site "Chess.com"]
[Date "2021.03.30"]
[Round "7"]
[White "AlexOstrovskiy"]
[Black "wadsy27"]
[Result "1-0"]
[WhiteElo "2743"]
[BlackElo "2567"]
[TimeControl "180+1"]
[EndTime "11:18:23 PDT"]
[Termination "AlexOstrovskiy won by resignation"]

1. d4 Nf6 2. Bf4 c5 3. dxc5 e6 4. Bd6 Bxd6 5. Qxd6 Na6 6. Nc3 Qa5 7. O-O-O Qxc5 8. e4 Qxd6 9. Rxd6 Ke7 10. Rd2 Nc7 11. e5 Nfe8 12. f4 b6 13. Be2 Bb7 14. Bf3 Bxf3 15.
Nxf3 f6 16. Rhd1 Rd8 17. Nd4 fxe5 18. Nc6+ dxc6 19. Rxd8 Nd5 20. Ra8 exf4 21. Rxa7+ Kf6 22. Nxd5+ cxd5 23. Ra8 g5 24. Rd4 Ke5 25. Rb4 g4 26. Kd2 h5 27. Rxb6 g3 28. hxg3 fxg3 29. Rbb8 h4 30. Rxe8 h3 31. gxh3 g2 32. Rg8 g1=Q 33. Rxg1 Rxa8 34. a3 Rh8 35. Rg3 Rh4 36. b4 Kd6 37. Rb3 Kc6 38. a4 e5 39. b5+ Kb6 40. a5+ Kxa5 41. b6 Rh8 42. b7 Rb8 43. h4 Ka6 44. h5 Ka7 45. h6 Ka6 46. h7 Ka7 47.
Ke3 1-0

[Event "*** Titled Tuesday Blitz"]
[Site "Chess.com"]
[Date "2021.03.30"]
[Round "7"]
[White "OhanyanEminChess"]
[Black "bait_or_mate"]
[Result "1-0"]
[WhiteElo "2685"]
[BlackElo "2537"]
[TimeControl "180+1"]
[EndTime "11:18:23 PDT"]
[Termination "OhanyanEminChess won on time"]

1. e4 c5 2. Nf3 e6 3. d4 cxd4 4. Nxd4 Nc6 5. Nc3 Qc7 6. Ndb5 Qb8 7. Be3 a6 8. Bb6 axb5 9. Nxb5 Bb4+ 10. c3 Ba5 11.
Nd6+ Kf8 12. Bc5 Nge7 13. Qh5 Nd8 14. O-O-O b6 15. Ba3 Bxc3 16. Bb5 Rxa3 17. bxa3 Qa8 18. Kc2 Qxa3 19. Nc4 Qxa2+ 20. Kxc3 d5 21. exd5 Nxd5+ 22. Rxd5 exd5 23. Qxd5 Ne6 24. Qd6+ Kg8 25. Qb8 h6 26.
Qxc8+ Kh7 27. Qb7 Qxf2 28. Qe4+ g6 29. Rd1 Nc5 30. Qf3 Qxf3+ 31. gxf3 Rc8 32. Kb4 Kg7 33. Nxb6 Rc7 34. Rd8 Ne6 35. Rb8 Rc2 36. Rb7 Rxh2 37. Bc4 Kf6 38. Nd5+ Kf5 39. Rxf7+ Kg5 40. f4+ Kg4 41.
Nf6+ Kg3 42. Bxe6 Rf2 43. Ne4+ 1-0

[Event "*** Titled Tuesday Blitz"]
[Site "Chess.com"]
[Date "2021.03.30"]
[Round "7"]
[White "KeithArkell"]
[Black "retropwr"]
[Result "1-0"]
[WhiteElo "2608"]
[BlackElo "2434"]
[TimeControl "180+1"]
[EndTime "11:18:23 PDT"]
[Termination "KeithArkell won on time"]

1. d4 d6 2. Nf3 g6 3. g3 Bg7 4. c4 Nd7 5. d5 Ngf6 6. Bg2 O-O 7.
O-O c6 8. dxc6 bxc6 9. Nd4 Ne5 10. Nxc6 Nxc6 11. Bxc6 Bh3 12. Bg2 Bxg2 13. Kxg2 Qc7 14.
Nd2 Qc6+ 15. Kg1 Nd7 16. Rb1 d5 17. b3 Rfd8 18. Bb2 Bxb2 19. Rxb2 Ne5 20. Qc2 dxc4 21.
Nxc4 Rac8 22. Rc1 Nxc4 23. Qxc4 Qxc4 24. Rxc4 Rxc4 25. bxc4 Rd1+ 26. Kg2 Rc1 27. Rb7 a5 28. Rxe7 Rxc4 29. Re3 Ra4 30. a3 Kg7 31. Kf1 h5 32. h4 Kf6 33. Ke1 Rd4 34. Rd3 Rc4 35. Kd2 Kf5 36. Rd5+ Kg4 37. Rxa5 Rc7 38. Ra4+ Kh3 39.
Rf4 Kg2 40. a4 f5 41. a5 Rc5 42. Ra4 Kxf2 43. a6 Rc8 44. a7 Rd8+ 45. Kc2 Ra8 46.
Ra3 Kxe2 47. Kc3 Kf3 48. Kd4+ Kg4 49. Ke5 1-0

[Event "*** Titled Tuesday Blitz"]
[Site "Chess.com"]
[Date "2021.03.30"]
[Round "7"]
[White "NoGalloNoParty"]
[Black "davidkalashian"]
[Result "0-1"]
[WhiteElo "2395"]
[BlackElo "2542"]
[TimeControl "180+1"]
[EndTime "11:18:23 PDT"]
[Termination "davidkalashian won on time"]

1. d4 Nf6 2. c4 e6 3. g3 d5 4. Bg2 Be7 5. Nf3 O-O 6. O-O dxc4 7. Qc2 a6 8. a4 Bd7 9. Qxc4 Bc6 10. Bg5 a5 11.
Bxf6 Bxf6 12. Nc3 Ra6 13. e4 Rb6 14. e5 Be7 15. Rfd1 Rxb2 16. d5 Rb4 17. Qa2 exd5 18.
Nxd5 Rxa4 19. Nf6+ gxf6 20. Rxd8 Rxa2 21. Rxf8+ Kxf8 22. Rxa2 a4 23. Nd4 Bxg2 24. Kxg2 fxe5 25. Rxa4 exd4 26.
Ra8 b6 27. Rxb8+ Kg7 28. Kf3 f5 29. Kf4 Kf6 30. Rc8 Bd6+ 31. Kf3 b5 32. Ke2 c5 33. Rc6 Ke5 34. Rb6 b4 35. Rb7 c4 36. Rxh7 b3 37.
Rb7 Ke4 38. f3+ Kd5 39. Rb5+ Kc6 40. Rxf5 b2 0-1

[Event "*** Titled Tuesday Blitz"]
[Site "Chess.com"]
[Date "2021.03.30"]
[Round "7"]
[White "TioCridineno"]
[Black "KubaGepard"]
[Result "0-1"]
[WhiteElo "2280"]
[BlackElo "2417"]
[TimeControl "180+1"]
[EndTime "11:18:23 PDT"]
[Termination "KubaGepard won by resignation"]

1. e4 e5 2. Nc3 Nf6 3. f4 d5 4.
fxe5 Nxe4 5. d3 Nxc3 6. bxc3 d4 7.
Nf3 Nc6 8. Be2 Bc5 9. O-O dxc3+ 10. Kh1 h6 11. Qe1 Be6 12. Qg3 g5 13. h3 Qd7 14.
a4 O-O-O 15. Ba3 Be3 16. Rab1 Bf4 17. Qf2 b6 18. a5 Nxe5 19. Nxe5 Bxe5 20. axb6 cxb6 21.
Bf3 Bd4 22. Qg3 Qc7 23. Qe1 Qe5 24. Qd1 Qg3 25. Qe1 Qxe1 26. Rfxe1 Rhe8 27. Ra1 Bf5 28. Rf1 Bg6 29. Bc1 a5 30. Ra4 Bc5 31. Ba3 Bxa3 32.
Rxa3 Re7 33. Rxc3+ Rc7 34. Rb3 Rd6 35. Rf2 Kd8 36.
Rd2 Rc5 37. Kg1 Kc7 38. Kf2 b5 39. Ra3 a4 40. Ra2 Kb6 41. g4 Rc3 42. Ke3 Kc5 43. Be4 Re6 44. Kf3 Bxe4+ 45. Kf2 Bd5 46. Kg3 Bxa2 0-1

[Event "*** Titled Tuesday Blitz"]
[Site "Chess.com"]
[Date "2021.03.30"]
[Round "7"]
[White "chessdjw"]
[Black "FoggyMorning"]
[Result "1-0"]
[WhiteElo "2774"]
[BlackElo "2597"]
[TimeControl "180+1"]
[EndTime "11:18:24 PDT"]
[Termination "chessdjw won on time"]

1. e4 e6 2. d4 d5 3. Nc3 Bb4 4. e5 c5 5. a3 Bxc3+ 6. bxc3 Qa5 7. Bd2 Qa4 8. Qg4 Kf8 9. h4 Ne7 10. h5 h6 11. Qf4 b6 12. Rh3 Ba6 13. Rf3 Qe8 14.
Bxa6 Nxa6 15. Ne2 Nf5 16. Kd1 Rc8 17. g4 Ne7 18. a4 Kg8 19. Ng3 cxd4 20. cxd4 Rc4 21.
a5 b5 22. c3 Nc5 23. Ke2 a6 24. g5 hxg5 25. Qxg5 Rh7 26. Rg1 Ne4 27. Nxe4 dxe4 28. Rf4 Nd5 29. Rfg4 Qf8 30. h6 g6 31. R1g3 e3 32.
Rxe3 Nxe3 33. Qxe3 Qe7 34. Qg3 Rc7 35. Bg5 Qd7 36. Bf6 Qc6 37. Kd2 1-0

[Event "*** Titled Tuesday Blitz"]
[Site "Chess.com"]
[Date "2021.03.30"]
[Round "7"]
[White "dpruess"]
[Black "londonkid"]
[Result "1-0"]
[WhiteElo "2364"]
[BlackElo "2493"]
[TimeControl "180+1"]
[EndTime "11:18:24 PDT"]
[Termination "dpruess won by resignation"]

1. e4 e6 2. d4 d5 3. Nc3 Nf6 4. Bg5 dxe4 5. Nxe4 Nbd7 6. Nxf6+ Nxf6 7. Nf3 Be7 8. Bd3 b6 9. Qe2 Bb7 10. O-O-O O-O 11. Kb1 c5 12. Rhe1 Qc7 13. h4 Rfd8 14.
dxc5 bxc5 15. Ne5 Qb6 16. g4 Rab8 17. Nc4 Qc7 18. Bd2 Bd5 19. Ba5 Qb7 20. Bxd8 Bxc4 21. b3 Bxd3 22. Qxd3 Bf8 23. Ba5 Nd5 24. Qc4 g6 25. f4 Bg7 26. f5 Qb5 27. Qxb5 Rxb5 28. fxe6 fxe6 29. Rxe6 Nc3+ 30. Bxc3 Bxc3 31. Re7 Kf8 32.
Rxa7 Rb8 33. Rxh7 Bd4 34. h5 gxh5 35. gxh5 Re8 36. a3 Ra8 37. Ka2 Re8 38. b4 Kg8 39. Rd7 Re2 40. Kb3 Re3+ 41. Ka2 Re2 42. R7xd4 cxd4 43. Kb3 Rxc2 44. Kxc2 d3+ 45. Kxd3 1-0

[Event "*** Titled Tuesday Blitz"]
[Site "Chess.com"]
[Date "2021.03.30"]
[Round "7"]
[White "Vandros57"]
[Black "OlifantCZ"]
[Result "1-0"]
[WhiteElo "2203"]
[BlackElo "2277"]
[TimeControl "180+1"]
[EndTime "11:18:24 PDT"]
[Termination "Vandros57 won by resignation"]

1. d4 Nf6 2. c4 g6 3. Nc3 Bg7 4. e4 O-O 5. f3 c5 6. dxc5 Na6 7.
Be3 Qa5 8. Qa4 Qxa4 9. Nxa4 Nb4 10. O-O-O Nxa2+ 11. Kb1 Nb4 12. Bd3 Rd8 13. Ne2 d6 14.
cxd6 Rxd6 15. Bc2 Rxd1+ 16. Rxd1 Be6 17. b3 b6 18. Nd4 Bd7 19. Nc3 Rc8 20. Ndb5 Bxb5 21.
Nxb5 Nc6 22. Nd4 Nb4 23. Nb5 Nxc2 24. Kxc2 a6 25. Nc7 b5 26. c5 Bf8 27. Nxa6 e6 28. Kb2 Rc6 29. Nb4 Rc8 30. Nd3 Nd7 31. b4 Bg7+ 32. Kb3 Ra8 33. f4 Nb8 34. Ne5 f6 35. Rd8+ Bf8 36. Nd7 Ra1 37. Rxf8+ Kg7 38. Rxb8 Rd1 39.
c6 Rd3+ 40. Kc2 Rxe3 41. c7 Re2+ 42. Kd3 1-0

[Event "*** Titled Tuesday Blitz"]
[Site "Chess.com"]
[Date "2021.03.30"]
[Round "7"]
[White "Piotrek1979"]
[Black "eduardoperalta"]
[Result "1-0"]
[WhiteElo "2336"]
[BlackElo "2478"]
[TimeControl "180+1"]
[EndTime "11:18:25 PDT"]
[Termination "Piotrek1979 won by resignation"]

1. Nf3 Nf6 2. b3 g6 3. Bb2 Bg7 4. e3 O-O 5. Be2 d6 6. O-O e5 7.
d3 c5 8. c4 Nc6 9. a3 a6 10. Qc2 Bf5 11. Nbd2 b5 12. Ne4 Rc8 13. Nfd2 h6 14. Nxf6+ Qxf6 15. Ne4 Qd8 16. Nc3 bxc4 17. bxc4 Be6 18. Bf3 f5 19. Bd5 Qd7 20. Rab1 Kh8 21. Bxe6 Qxe6 22. Nd5 g5 23. Bc3 f4 24. f3 fxe3 25. Nxe3 Nd4 26. Bxd4 cxd4 27. Ng4 h5 28. Nf2 g4 29. fxg4 hxg4 30. Qe2 Rf4 31. g3 Rf3 32.
Nxg4 Rxf1+ 33. Rxf1 d5 34. cxd5 Qxd5 35. Nf2 Qb3 36.
Ne4 Kg8 37. Qg4 Rc6 38. Nf6+ Rxf6 39. Rxf6 Qxd3 40. Rg6 Qb1+ 41. Kg2 Qb7+ 42. Kh3 d3 43. Rd6 e4 44. Rd8+ Kh7 45. Qf5+ Kh6 46. Rd6+ 1-0

[Event "*** Titled Tuesday Blitz"]
[Site "Chess.com"]
[Date "2021.03.30"]
[Round "7"]
[White "LawrenceTrent"]
[Black "c63_amg"]
[Result "0-1"]
[WhiteElo "2557"]
[BlackElo "2717"]
[TimeControl "180+1"]
[EndTime "11:18:26 PDT"]
[Termination "c63_amg won by resignation"]

1. d4 Nf6 2. Bg5 e6 3. e4 h6 4. Bxf6 Qxf6 5. c3 Qe7 6. Bd3 d6 7. f4 g5 8. Ne2 Bg7 9. O-O Nd7 10. Nd2 Nf6 11. Nf3 g4 12. Ne1 h5 13. Nc2 e5 14.
Ne3 Bd7 15. Ng3 O-O-O 16. Ngf5 Qf8 17. Qb3 Kb8 18. Ba6 b6 19. Bd3 Bh6 20. fxe5 dxe5 21. dxe5 Qc5 22. exf6 Bxf5 23. exf5 Bxe3+ 24. Kh1 Rxd3 25.
Qxf7 Rf8 26. Qxh5 Qc6 27. f7 g3 28. Qg6 Qd7 29. Qxg3 Rxf7 30. Rae1 Bc5 31. Qg8+ Kb7 32. Qg4 Rd2 33. Qe4+ c6 34. f6 Rd6 35. Qg6 Rd2 36.
b4 Bd6 37. Qg5 Rh7 38. g3 Rhxh2+ 0-1

[Event "*** Titled Tuesday Blitz"]
[Site "Chess.com"]
[Date "2021.03.30"]
[Round "7"]
[White "Zq1"]
[Black "Rozhkov_V"]
[Result "0-1"]
[WhiteElo "2518"]
[BlackElo "2384"]
[TimeControl "180+1"]
[EndTime "11:18:26 PDT"]
[Termination "Rozhkov_V won on time"]

1. d4 d5 2. c4 dxc4 3. Nf3 Nf6 4. e3 e6 5. Bxc4 a6 6. O-O c5 7. Bb3 Nbd7 8. Qe2 Qc7 9. Nc3 b5 10. d5 c4 11. dxe6 fxe6 12. Bc2 Bb7 13. e4 Bd6 14.
Ng5 Nc5 15. f4 h6 16. e5 hxg5 17. Bg6+ Ke7 18. exd6+ Qxd6 19. Be3 Nd3 20. Rad1 Rad8 21. b3 gxf4 22. h3 fxe3 23. Qxe3 Qc5 24. Rxd3 Qxe3+ 25. Rxe3 Rd2 26. Rf2 Rhd8 27. bxc4 bxc4 28. Bf5 Rxf2 29. Rxe6+ Kf8 30. Kxf2 Nd5 31. Nxd5 Bxd5 32. Rxa6 Rb8 33. Ra5 Rb2+ 34. Ke3 Bxg2 35. Rc5 Bf1 36. Kd4 Rxa2 37. Be6 Rd2+ 38. Kc3 Rd3+ 0-1

[Event "*** Titled Tuesday Blitz"]
[Site "Chess.com"]
[Date "2021.03.30"]
[Round "7"]
[White "Vasily85"]
[Black "MasterMK73"]
[Result "1-0"]
[WhiteElo "2404"]
[BlackElo "2262"]
[TimeControl "180+1"]
[EndTime "11:18:26 PDT"]
[Termination "Vasily85 won by resignation"]

1. Nf3 d5 2. e3 e6 3. c4 c6 4.
Nc3 f5 5. d4 Nf6 6. Bd3 Bd6 7.
a3 O-O 8. b4 Ne4 9. Bb2 Nd7 10.
O-O b6 11. b5 Bb7 12. bxc6 Bxc6 13. cxd5 exd5 14. Qb3 Ndf6 15. Ne5 Bb7 16. Rfd1 Kh8 17. f3 Nxc3 18. Bxc3 g6 19. Bb4 Qe7 20. Rac1 Rac8 21. Kf2 Ne4+ 22. Kg1 Nf6 23. Bxd6 Qxd6 24. Qb4 Qe6 25. a4 Nd7 26. f4 Nf6 27. a5 Ng4 28. axb6 axb6 29. Qe1 Nxe5 30. dxe5 d4 31. exd4 Qd5 32.
Qf2 Rfd8 33. Be2 Rxc1 34. Rxc1 Qxd4 35. Qxd4 Rxd4 36. Rc7 Be4 37. e6 Rd8 38. e7 Rg8 39. Bc4 Ra8 40. Rd7 Bc6 41. Rd8+ Kg7 42. Rxa8 Bxa8 43.
e8=Q 1-0

[Event "*** Titled Tuesday Blitz"]
[Site "Chess.com"]
[Date "2021.03.30"]
[Round "7"]
[White "Vuk2000"]
[Black "Alexander_Zubov"]
[Result "0-1"]
[WhiteElo "2734"]
[BlackElo "2975"]
[TimeControl "180+1"]
[EndTime "11:18:28 PDT"]
[Termination "Alexander_Zubov won on time"]

1. d4 Nf6 2. Bg5 d5 3. Bxf6 gxf6 4. e3 c5 5. dxc5 e6 6. Nf3 Bxc5 7. c4 dxc4 8. Nbd2 c3 9. bxc3 Qc7 10. Be2 Nd7 11. O-O Bf8 12. Ne4 f5 13. Neg5 Bg7 14. Rc1 O-O 15. Nd4 Nf6 16. Qb3 Bd7 17. Bc4 Kh8 18.
Bxe6 Ng4 19. g3 fxe6 20. Ndxe6 Qc6 21. Nxf8 Rxf8 22. Nf7+ Rxf7 23. Qxf7 Ne5 24. Qe7 Nf3+ 25. Kh1 Nd2+ 26. e4 Nxf1 27. Rxf1 h6 28. Rd1 Be6 29. Kg1 Qxe4 30. c4 Bxc4 31. Qxe4 fxe4 32. Rd7 Bxa2 33. Rxb7 a5 34. Ra7 Bc3 35. Kg2 Bb3 36. f3 e3 37. Kf1 Bc4+ 38. Kg2 e2 0-1

[Event "*** Titled Tuesday Blitz"]
[Site "Chess.com"]
[Date "2021.03.30"]
[Round "7"]
[White "erdni1993"]
[Black "Zmeeed63"]
[Result "1-0"]
[WhiteElo "2513"]
[BlackElo "2340"]
[TimeControl "180+1"]
[EndTime "11:18:29 PDT"]
[Termination "erdni1993 won by resignation"]

1. e4 c5 2. Nf3 Nc6 3. d4 cxd4 4. Nxd4 Nf6 5. Nc3 e5 6. Ndb5 d6 7. a4 a6 8. Na3 Be6 9. Bc4 Be7 10. O-O O-O 11. f3 Qb6+ 12. Kh1 Rfd8 13. Nd5 Bxd5 14.
Bxd5 Nb4 15. c4 Rac8 16. b3 Nfxd5 17. exd5 f5 18. Nc2 Bf6 19. a5 Qc7 20. Nxb4 e4 21. Ra2 Re8 22. fxe4 fxe4 23. Be3 Bc3 24. Nc2 Bxa5 25.
Nd4 Bc3 26. Raf2 b5 27. Nc6 bxc4 28. bxc4 Qb7 29. Qh5 g6 30. Qg4 a5 31. h4 Qg7 32. h5 gxh5 33. Qxg7+ Kxg7 34. Rf7+ Kh8 35. Ra7 Ra8 36. Rff7 Rxa7 37. Rxa7 a4 38. Rxa4 h4 39. Ra7 Rg8 40. Re7 h3 41. gxh3 Rg3 42. Rxe4 Rxh3+ 43. Kg2 Rh5 44. Bd4+ Bxd4 45. Nxd4 Kg7 46. Nf3 Kf6 47. Re6+ Kf7 48. Rxd6 Rf5 49. Re6 Rf4 50. Kg3 Rxc4 51. Ne5+ 1-0

[Event "*** Titled Tuesday Blitz"]
[Site "Chess.com"]
[Date "2021.03.30"]
[Round "7"]
[White "Jumbo"]
[Black "Smirnov_Pavel"]
[Result "0-1"]
[WhiteElo "2801"]
[BlackElo "2902"]
[TimeControl "180+1"]
[EndTime "11:18:30 PDT"]
[Termination "Smirnov_Pavel won on time"]

1. d4 Nf6 2. c4 e6 3. Nf3 d5 4. g3 Be7 5. Nc3 O-O 6. Bg2 c6 7. Qd3 Nbd7 8. O-O b6 9. Rd1 Ba6 10.
b3 Qc8 11. e4 dxc4 12. bxc4 b5 13. Qc2 bxc4 14. Bf4 Nh5 15. Be3 Nhf6 16. h3 Rb8 17. Bf1 Rd8 18. Na4 Bb5 19. Nb2 c5 20. Nxc4 cxd4 21. Nxd4 Bxc4 22. Qxc4 Qxc4 23. Bxc4 Ne5 24.
Bf1 Nxe4 25. f4 Rxd4 26. Bxd4 Nf3+ 27. Kg2 Nxd4 28. Rxd4 Bf6 29. Rxe4 Bxa1 30. Ra4 g6 31. Rxa7 Bd4 32. Ra4 Rb2+ 33. Kf3 Bc5 34. Be2 f5 35. Ra6 Bb6 0-1